 Dungeon Crawl Stone Soup version 0.30.1-10-g1249ef9ec4 (webtiles) character file.

Game seed: 3772829457066216382

25 pkoi the Insei (level 2, -6/26 HPs)
             Began as a Draconian Monk on Oct 26, 2023.
             Engulfed by a cloud of flame (12 damage)
             ... on level 2 of the Dungeon.
             The game lasted 00:01:03 (697 turns).

pkoi the Insei (Draconian Monk)                      Turns: 697, Time: 00:01:03

Health: -6/26      AC:  4    Str: 17    XL:     2   Next: 86%
Magic:  2/2        EV: 12    Int:  9    God:
Gold:   46         SH:  0    Dex: 12    Spells: 1/1 levels left

rFire   . .          .
                       - Unarmed
rCold   . . .        b - orb {light}
rNeg    . . .        (body armour unavailable)
rPois   .            (helmet restricted)
rElec   .            (no cloak)
rCorr   .            (no gloves)
SInv    +            (no boots)
Will    .....        (no amulet)
Stlth   +            k - ring of see invisible
HPRegen 0.24/turn    (no ring)
MPRegen 0.08/turn

%: no passive effects
@: attractive, glowing
A: AC +4, unfitting armour, cold-blooded, strong 1, wild magic 1
a: no special abilities


You were on level 2 of the Dungeon.
You visited 1 branch of the dungeon, and saw 2 of its levels.

You collected 46 gold pieces.

Inventory:

Armour
 b - an orb of light (worn)
Jewellery
 k - a ring of see invisible (left hand)
Potions
 a - a potion of ambrosia
 h - a potion of curing


   Skills:
 - Level 3.2 Fighting
 - Level 2.6 Dodging
 + Level 4.1 Unarmed Combat


You had one spell level left.
You didn't know any spells.
Your spell library was empty.

Dungeon Overview and Level Annotations

Branches:
Dungeon (2/15)

Altars:

Shops:
D:2 :


Innate Abilities, Weirdness & Mutations

Your plain brown scales are hard. (AC +4)
You cannot fit into any form of body armour.
You are cold-blooded and may be slowed by cold attacks.
Your muscles are strong. (Str +4, Int/Dex -1)
Your spells are a little harder to cast, but a little more powerful.


Message History

Your butterfly disappears in a burst of colours!
It was a potion of attraction.
You feel attractive to monsters. The rat misses your butterfly.
You swap places.
Found a scroll of identify.
Something misses your butterfly.
You swap places.
Found 11 gold pieces.
The rat barely misses your butterfly.
You swap places.
The rat barely misses your butterfly.
You swap places.
The rat closely misses your butterfly.
You swap places.
The rat bites your butterfly.
Your butterfly dies!
Your butterfly disappears in a burst of colours!
You swap places.
The rat barely misses your butterfly. The rat bites your butterfly.
Your butterfly dies!
Your butterfly disappears in a burst of colours!
There is an entrance to Eleazeo's Book Shop here.
Unknown command.
You swap places.
The rat barely misses your butterfly.
You swap places.
Your butterfly disappears in a burst of colours!
The rat bites your butterfly.
Your butterfly dies!
Your butterfly disappears in a burst of colours!
The rat is attracted toward you.
You hit the rat.
The rat explodes!
The fiery explosion engulfs you!!
Ouch! That really hurt!
* * * LOW HITPOINT WARNING * * *
The fiery explosion engulfs your butterfly!!
You kill your butterfly!
Your butterfly disappears in a burst of colours!
The fiery explosion engulfs your butterfly!!
You kill your butterfly!
Your butterfly disappears in a burst of colours!
The fiery explosion engulfs your butterfly!!
You kill your butterfly!
Your butterfly disappears in a burst of colours!
You are engulfed in blazing flames.
You die...

********* ****,
*,,,,,..#### *,,,,
*,****#....##*********,**,
*,*####.....,,,,,,,,,,,,,*
*,*#.......#**********,*,*
*>##.#####.# *,*,*
#.#..#..;#$# *,,,,
#....#####?## ***,*
***#..b∩b@§§# *,*
*#.#####§§# *****,*
#..#..;#.§###### *,,,,,,
#..#####§b.bbbb# *,*,,,,
#.......b#bbbb.#**,**,,*
#.##.##.##bb.bb....**,,,
#.*#.*#.##..bbb####**,**
#,*#.,..##.bb..# *,*
*,***#..*####### *,*


You could see a walking crystal tome and a walking divine tome.

Vanquished Creatures
  3 endoplasms (D:1)
  2 giant cockroaches (D:1)
  2 goblins (D:1)
  2 hobgoblins (D:1)
  7 jackals (D:1)
  A quokka (D:1)
  A bat (D:1)
  2 frilled lizards (D:1)
  A rat (D:2)
21 creatures vanquished.

Notes
Turn   | Place    | Note
-------+----------+-------------------------------------------
     0 | D:1      | pkoi the Draconian Monk began the quest for the Orb.
     0 | D:1      | Reached XP level 1. HP: 19/19 MP: 1/1
    77 | D:1      | Reached XP level 2. HP: 21/26 MP: 2/2
   316 | D:1      | Found a faded altar of an unknown god.
   387 | D:1      | Reached skill level 4 in Unarmed Combat
   678 | D:2      | Noticed a walking divine tome
   678 | D:2      | Noticed a walking crystal tome
   678 | D:2      | Found Eleazeo's Book Shop.
   685 | D:2      | Gained mutation: Your spells are a little harder to cast,
                  | but a little more powerful. [potion of mutation]
   685 | D:2      | Gained mutation: Your muscles are strong. (Str +4, Int/Dex
                  | -1) [potion of mutation]
   697 | D:2      | Engulfed by a cloud of flame

Illustrated notes

Levels and vault maps discovered:
D:1:      scummos_arrival_checkerplants, layout_basic,
          ebering_ecumenical_altar_sacrificial
D:2:      layout_loops_cross, serial_shops, nicolae_shop_mannequins,
          amcnicky_mini_rare_corridor_liquid

Skill      XL: |  1  2 |
---------------+-------+-----
Unarmed Combat | 4 |  4.1
Fighting       | |  3.2
Dodging        | |  2.6

Action                     || total
---------------------------++-------
  Melee: Unarmed           ||    58
         Tailslap          ||    10
    Use: Scroll            ||     5
         Potion            ||     2
 Armour: Skin              ||    12
  Dodge: Dodged            ||    39
